Map: [ESL] Dragon Scales

Players

ShaDoWn

  • Race: Protoss Protoss
  • Spawn Location: 11:00

Serral - Winner!

  • Race: Zerg Zerg
  • Spawn Location: 5:00

Event: HomeStory Cup XXIII

VOD

Have the link to the VOD?

Description

Time

  • Played on: July 1, 2023, 11:53 a.m.
  • Length: 9:35

All games in this series

Show
View Real Time Build Order
Export as new Build Order

ShaDoWn Protoss 

Build Orders: 1 Gate Expand, Oracle Opening 

Get SALT Encoding   

  12  0:01  Probe  
  13  0:13  Probe  
  14  0:21  Pylon  
  14  0:25  Probe  
  15  0:39  Probe (Chrono Boost)  
  15  0:42  Gateway  
  17  0:51  Probe (Chrono Boost), Assimilator  
  17  0:55  Probe (Chrono Boost)  
  18  1:05  Probe  
  19  1:17  Probe  
  20  1:27  Nexus  
  20  1:36  Cybernetics Core  
  20  1:39  Probe  
  21  1:47  Assimilator  
  21  1:51  Probe  
  21  1:54  Pylon  
  21  2:03  Probe (Chrono Boost)  
  22  2:09  Adept (Chrono Boost)  
  22  2:15  Probe (Chrono Boost)  
  25  2:21  Probe (Chrono Boost)  
  25  2:22  Stargate  
  26  2:30  Probe (Chrono Boost)  
  26  2:32  Adept  
  29  2:39  Probe (Chrono Boost)  
  31  2:47  Probe (Chrono Boost)  
  31  2:49  Probe (Chrono Boost)  
  32  2:54  Probe (Chrono Boost), Warp Gate  
  32  2:56  Probe  
  34  3:03  Oracle (Chrono Boost)  
  34  3:06  Probe  
  34  3:08  Probe  
  39  3:12  Gateway  
  39  3:18  Probe, Pylon  
  40  3:21  Probe  
  41  3:30  Probe  
  41  3:33  Oracle (Chrono Boost)  
  41  3:34  Probe  
  46  3:42  Probe  
  46  3:48  Probe  
  48  3:51  Nexus  
  48  3:54  Probe  
  49  4:00  Probe  
  50  4:03  Pylon  
  50  4:04  Oracle (Chrono Boost)  
  50  4:06  Probe  
  54  4:12  Probe  
  54  4:13  Assimilator  
  54  4:15  Assimilator  
  51  4:18  Probe  
  51  4:20  Pylon  
  52  4:24  Probe  
  52  4:30  Probe  
  54  4:36  Probe  
  55  4:38  Twilight Council  
  55  4:39  Forge  
  55  4:42  Probe, Stalker  
  55  4:44  Stalker  
  60  4:49  Probe (Chrono Boost), Shield Battery  
  60  4:52  Pylon  
  61  4:57  Probe (Chrono Boost)  
  62  5:01  Probe (Chrono Boost)  
  62  5:04  Probe (Chrono Boost)  
  62  5:06  Stalker  
  67  5:07  Stalker  
  67  5:11  Probe (Chrono Boost)  
  67  5:12  Probe x2 (Chrono Boost)  
  71  5:14  Protoss Ground Weapons Level 1  
  71  5:16  Probe (Chrono Boost)  
  71  5:17  Probe (Chrono Boost)  
  71  5:20  Probe (Chrono Boost)  
  73  5:25  Blink  
  73  5:29  Probe (Chrono Boost)  
  73  5:30  Stalker  
  73  5:31  Stalker  
  73  5:33  Probe (Chrono Boost)  
  79  5:36  Probe (Chrono Boost)  
  79  5:37  Probe (Chrono Boost)  
  79  5:39  Pylon  
  79  5:40  Assimilator  
  79  5:41  Probe (Chrono Boost)  
  81  5:43  Probe (Chrono Boost)  
  81  5:44  Assimilator  
  81  5:45  Probe (Chrono Boost)  
  83  5:52  Gateway  
  83  5:56  Probe (Chrono Boost)  
  86  5:57  Probe (Chrono Boost)  
  86  5:59  Probe (Chrono Boost)  
  86  6:01  Probe (Chrono Boost), Gateway  
  86  6:02  Gateway  
  86  6:03  Stalker  
  86  6:04  Probe (Chrono Boost)  
  90  6:05  Stalker  
  92  6:15  Probe  
  91  6:20  Probe  
  91  6:22  Templar Archives  
  91  6:25  Gateway  
  92  6:26  Gateway  
  92  6:31  Stalker  
  92  6:32  Stalker  
  96  6:35  Gateway  
  96  6:39  Pylon  
  96  6:41  Psionic Storm  
  96  6:44  Nexus  
  96  6:46  Pylon  
  97  6:47  Probe  
  97  6:50  Probe  
  97  6:52  Robotics Facility  
  98  6:57  Probe, Stalker  
  98  7:00  Probe  
  102  7:03  Probe  
  102  7:05  Shield Battery  
  102  7:07  Photon Cannon  
  102  7:08  High Templar x4  
  111  7:09  Probe  
  111  7:12  Probe  
  111  7:15  Pylon  
  113  7:18  Probe  
  113  7:21  Gateway  
  114  7:23  Pylon, Stalker  
  114  7:24  Probe  
  114  7:28  Pylon  
  117  7:33  Probe x2  
  117  7:34  Assimilator  
  119  7:38  Gateway, Assimilator  
  119  7:40  Charge  
  119  7:45  Stalker x3  
  123  7:53  Stalker x3  
  123  7:55  Probe  
  123  7:56  Probe  
  131  8:03  Probe  
  134  8:06  Immortal (Chrono Boost)  
  134  8:07  High Templar  
  134  8:11  High Templar  
  134  8:12  Zealot x3  
  146  8:15  Archon  
  146  8:23  Pylon, Stalker x3  
  146  8:26  Pylon  
  152  8:27  Pylon  
  152  8:29  Pylon  
  152  8:30  Stalker  
  152  8:33  Pylon  
  154  8:42  Pylon  
  152  8:49  Archon  
  152  8:50  Archon  
  152  8:53  Stalker x7  
  152  8:54  Stalker x3  
  139  9:00  Probe x2  
  119  9:14  Probe  
  119  9:16  Stalker  
  119  9:17  Zealot, Stalker x6  
  110  9:28  Zealot  
  110  9:29  Zealot  
Show
View Real Time Build Order
Export as new Build Order

Serral Zerg - Winner!

Build Orders: Pool First 

Get SALT Encoding   

  12  0:00  Drone  
  13  0:12  Overlord  
  13  0:16  Drone  
  14  0:30  Drone x2  
  14  0:34  Drone  
  17  0:44  Spawning Pool  
  16  1:02  Drone  
  17  1:08  Hatchery  
  16  1:12  Drone  
  16  1:16  Extractor  
  16  1:21  Drone  
  17  1:31  Queen, Zergling x2  
  20  1:33  Drone  
  21  1:40  Overlord  
  21  1:49  Drone  
  22  2:01  Drone  
  22  2:06  Queen  
  25  2:10  Drone  
  26  2:19  Metabolic Boost  
  26  2:20  Drone  
  26  2:21  Drone  
  28  2:31  Drone  
  28  2:35  Hatchery  
  28  2:38  Drone  
  28  2:40  Drone  
  28  2:42  Drone  
  30  2:47  Overlord  
  30  2:53  Queen  
  32  2:58  Drone  
  32  3:00  Drone x2  
  32  3:02  Drone  
  36  3:10  Overlord  
  36  3:12  Zergling x2  
  37  3:16  Zergling x2  
  37  3:17  Queen  
  37  3:18  Zergling x2  
  41  3:20  Zergling x2  
  41  3:23  Drone  
  41  3:24  Drone  
  44  3:29  Queen  
  44  3:32  Drone  
  47  3:34  Drone  
  47  3:39  Overlord  
  48  3:45  Drone  
  48  3:47  Zergling x2  
  50  3:49  Drone x4  
  50  3:53  Queen  
  56  3:58  Drone  
  56  3:59  Drone  
  56  4:02  Drone x2  
  58  4:03  Drone  
  58  4:08  Drone  
  58  4:10  Spore Crawler  
  58  4:11  Spore Crawler  
  58  4:12  Zergling x2  
  58  4:14  Drone  
  58  4:17  Overlord  
  58  4:20  Drone  
  58  4:21  Drone  
  58  4:22  Drone  
  61  4:25  Overlord  
  61  4:26  Zergling x2  
  62  4:31  Drone x2  
  62  4:33  Drone  
  62  4:38  Drone x2, Roach Warren  
  67  4:39  Drone  
  67  4:41  Drone  
  67  4:45  Drone x2  
  70  4:52  Lair  
  70  4:53  Extractor  
  70  4:56  Hatchery  
  70  4:58  Zergling x2  
  70  4:59  Drone  
  70  5:01  Drone x2  
  70  5:05  Drone x3  
  75  5:08  Overlord  
  75  5:10  Drone x3  
  75  5:12  Overlord  
  78  5:18  Zergling x2  
  78  5:19  Drone x2  
  81  5:22  Drone  
  81  5:24  Extractor  
  81  5:25  Evolution Chamber  
  81  5:26  Overlord x2  
  81  5:27  Spore Crawler  
  81  5:28  Zergling x2  
  80  5:30  Drone  
  80  5:35  Drone x2  
  83  5:37  Overlord  
  83  5:39  Overlord  
  83  5:41  Drone x2  
  83  5:42  Extractor  
  84  5:45  Zergling x10  
  84  5:49  Glial Reconstitution  
  88  5:50  Zerg Melee Weapons Level 1  
  88  5:52  Zergling x2  
  88  5:54  Zergling x2  
  88  5:55  Zergling x6  
  88  5:56  Overseer  
  92  6:00  Baneling Nest  
  92  6:04  Drone x6  
  97  6:13  Drone x6  
  100  6:19  Drone x2  
  100  6:21  Queen  
  100  6:24  Hatchery  
  103  6:26  Drone  
  103  6:27  Drone x3  
  103  6:30  Extractor, Overlord  
  103  6:32  Drone  
  107  6:34  Overlord  
  107  6:39  Roach x4  
  115  6:40  Spore Crawler  
  115  6:41  Overlord  
  115  6:44  Centrifugal Hooks  
  114  6:52  Roach x6  
  126  6:57  Overlord  
  126  7:01  Drone  
  126  7:02  Extractor, Drone x3  
  126  7:03  Drone x6  
  126  7:04  Drone  
  136  7:08  Roach  
  136  7:11  Spine Crawler  
  136  7:13  Overlord  
  137  7:16  Roach x5  
  137  7:18  Overlord  
  137  7:21  Roach x3  
  153  7:27  Spore Crawler  
  153  7:29  Overlord x4  
  152  7:30  Baneling  
  152  7:31  Baneling x4  
  152  7:33  Baneling  
  152  7:35  Pneumatized Carapace  
  152  7:40  Zergling x16  
  158  7:47  Zergling x4  
  158  7:48  Zergling x6  
  158  7:49  Zergling x8  
  164  7:51  Queen  
  164  7:54  Zergling x8  
  167  8:01  Ravager  
  167  8:02  Ravager x3  
  167  8:03  Zergling x12  
  177  8:08  Baneling  
  177  8:09  Baneling x16  
  177  8:11  Zergling x4  
  177  8:12  Zergling x2  
  180  8:13  Zergling x4  
  180  8:19  Zergling x10  
  187  8:21  Baneling x9  
  187  8:27  Zergling x14  
  193  8:37  Zergling x16  
  193  8:40  Baneling x4  
  193  8:41  Baneling x9  
  192  8:49  Zergling x2  
  192  8:50  Zergling x26  
  192  8:53  Zergling x6  
  188  9:00  Zergling x10  
  184  9:05  Infestation Pit  
  184  9:06  Zergling x6  
  184  9:08  Zergling x2  
  174  9:13  Zergling x2  
  174  9:14  Zergling x4  
  174  9:17  Zergling x8  
  162  9:31  Hatchery  
Tags
 
Add a new tag
Caveats
  • Supply blocks, unpowered buildings, or Contaminate may cause inaccurate times.
  • Supply counts are checked every 10 seconds.